 Dungeon Crawl Stone Soup version 0.29-a0-330-g52719c12eb (webtiles) character file.

Game seed: 2062320508434608130

7151 kae the Arsonist (level 10, -15/74 HPs)
             Began as a Demigod Fire Elementalist on Apr 30, 2022.
             Demolished by a slime creature (16 damage)
             ... on level 9 of the Dungeon.
             The game lasted 00:08:45 (12876 turns).

kae the Arsonist (Demigod Fire Elementalist)       Turns: 12876, Time: 00:08:46

Health: -15/74     AC:  7    Str:  9    XL:     10   Next: 56%
Magic:  20/26      EV: 13    Int: 29    God:
Gold:   103        SH:  5    Dex: 14    Spells: 8/25 levels left

rFire   + . .      SeeInvis .   o - +3 short sword (speed)
rCold   x . .      Faith    .   (no shield)
rNeg    . . .      Spirit   .   w - +0 steam dragon scales
rPois   +          Reflect  +   g - +1 helmet
rElec   .          Harm     .   (no cloak)
rCorr   .          Rampage  .   (no gloves)
Will    +....                   (no boots)
Stlth   ++........              l - amulet of reflection
HPRegen 0.22/turn               c - ring of poison resistance
MPRegen 0.20/turn               s - ring of fire

@: no status effects
A: high MP 1, forlorn, divine attributes
a: no special abilities


You were on level 9 of the Dungeon.
You visited 1 branch of the dungeon, and saw 10 of its levels.
You also visited: Sewer.

You collected 437 gold pieces.
You spent 334 gold pieces at shops.

Inventory:

Hand Weapons
 o - a +3 short sword of speed (weapon)
Missiles
 p - 3 throwing nets
Armour
 a - a +0 robe
 g - a +1 helmet (worn)
 w - +0 steam dragon scales (worn)
Jewellery
 c - a ring of poison resistance (left hand)
 k - a ring of resist corrosion
 l - an amulet of reflection (around neck)
 s - a ring of fire (right hand)
Wands
 i - a wand of flame (23)
 r - a wand of mindburst (13)
 y - a wand of iceblast (15)
Scrolls
 d - 4 scrolls of identify
 m - 5 scrolls of teleportation
 n - a scroll of fog
 v - a scroll of enchant weapon
 x - 3 scrolls of fear
 A - a scroll of amnesia
 C - a scroll of blinking
Potions
 b - 2 potions of magic
 e - 3 potions of haste
 f - a potion of attraction
 h - 5 potions of flight
 j - a potion of might
 q - 2 potions of lignification
 t - 3 potions of curing
 u - 2 potions of resistance
 z - 3 potions of heal wounds
 B - 2 potions of brilliance


   Skills:
 + Level 2.4 Fighting
 + Level 3.2 Dodging
 - Level 1.7 Stealth
 - Level 8.0 Spellcasting
 - Level 9.0 Conjurations
 - Level 9.0 Fire Magic


You had 8 spell levels left.
You knew the following spells:

 Your Spells              Type           Power      Damage    Failure   Level
a - Foxfire               Conj/Fire      100%       2x1d9     1%          1
b - Scorch                Fire           100%       2d10      1%          2
c - Conjure Flame         Conj/Fire      77%        6-21      1%          3
d - Inner Flame           Hex/Fire       54%        N/A       2%          3
e - Flame Wave            Conj/Fire      77%        2d14      1%          4
f - Sticky Flame          Conj/Fire      77%        2d9       1%          4

Your spell library contained the following spells:

 Spells                   Type           Power      Damage    Failure   Level
 Freeze                   Ice            44%        1d6       4%          1
 Ignite Poison            Fire/Tmut/Pois 43%        N/A       4%          3
 Hailstorm                Conj/Ice       37%        3d9       7%          4
 Frozen Ramparts          Ice            22%        1d4       14%         3
 Gell's Gravitas          Tloc           11%        N/A       14%         3
 Teleport Other           Tloc           11%        N/A       14%         3
 Ice Form                 Ice/Tmut       11%        N/A       41%         4
 Olgreb's Toxic Radiance  Pois           11%        N/A       41%         4
 Summon Ice Beast         Ice/Summ       11%        N/A       41%         4
 Dispersal                Tloc           5%         N/A       100%        6
 Ozocubu's Refrigeration  Ice            5%         4d6       100%        7
 Ignition                 Fire           38%        3d11      100%        8


Dungeon Overview and Level Annotations

Branches:
Dungeon (10/15)            Temple (0/1) D:6           Sewer (visited)
   Lair: D:8-11         Orc: D:9-12

Shops:
D:5 (   D:6 (   D:8 *   D:9 ?

Annotations:
D:4 3 runed translucent doors, Anon1729's ghost, amateur MiMo; Pichade's ghost, amateur TrFi; anonymous's ghost, amateur OgBe; p0werm0de's ghost, amateur BaFi
D:5 2 transporters
D:10 Gastronok


Innate Abilities, Weirdness & Mutations

You have an increased reservoir of magic. (+10% MP)
You shall have no god before yourself.
Your divine heritage dramatically boosts your attributes as you level up.


Message History

You climb upwards.
There is a stone staircase leading down, spattered with blood here.
Okay, then.
Okay, then.
Okay, then.
Casting: Foxfire (safe; 1% risk of failure)
Confirm with . or Enter, or press ? or * to list all spells.
Casting: Flame Wave (dangerous; 1% risk of failure)
Press: ? - help, Dir - look around, f - activate You feel a surge of power!
A wave of flame ripples out!
The flame wave engulfs the slime creature!
The slime creature is moderately wounded.
The flame wave engulfs the slime creature!!
The slime creature is heavily wounded.
The flame wave engulfs the slime creature!
The slime creature is lightly wounded. (Press . to intensify the flame waves.)
The slime creature barely misses you. The slime creature hits you!
The slime creature misses you.
A wave of flame ripples out!
The flame wave engulfs the slime creature!
The slime creature is heavily wounded.
The flame wave engulfs the slime creature.
The slime creature is heavily wounded.
The flame wave engulfs the slime creature!!
The slime creature is heavily wounded.
The slime creature barely misses you. x2; The slime creature hits you.
A wave of flame ripples out!
The flame wave engulfs the slime creature!
The slime creature is heavily wounded.
The flame wave engulfs the slime creature!!
The slime creature is severely wounded.
The flame wave engulfs the slime creature!!
The slime creature is almost dead.
You finish channelling waves of flame.
The slime creature hits you!
* * * LOW HITPOINT WARNING * * *
The slime creature hits you!
* * * LOW HITPOINT WARNING * * *
The slime creature hits you!
You die...

##### #...........
#........... #...........
#...........
###################...........
#.........................[[..
#.........................<[(.
#.............J...........[...
#...........J@............[...
#<..........J.................
#.............................
#.............................
#.............................
#....................#########
#.#################..# #.#
#..# #.# #..#


You could see 3 slime creatures.

Vanquished Creatures
  A two-headed ogre (D:8)
  A gargoyle (D:10)
  A troll (D:10)
  A hornet (D:7)
  3 slime creatures
  A wraith (D:7)
  3 wyverns
  Eustachio (D:5)
  7 yaks
  3 steam dragons
  Menkaure (D:7)
  A water moccasin (D:7)
  An ice beast (D:5)
  2 sky beasts
  2 ogres
  3 centaurs
  A phantom (D:5)
  4 bullfrogs
  2 gnoll sergeants (D:8)
  5 scorpions
  2 necrophages
  4 wights (D:9)
  4 howler monkeys (D:8)
  3 jellies
  2 orc priests
  3 hounds
  11 orc wizards
  18 gnolls
  14 adders
  6 river rats (Sewer)
  2 shadow imps (D:6)
  2 white imps
  3 ufetubi
  A worm (Sewer)
  4 dart slugs
  29 orcs
  16 bats
  8 endoplasms
  6 giant cockroaches
  4 goblins
  6 hobgoblins
  6 jackals
  10 quokkas
  16 ball pythons
  6 frilled lizards
  6 kobolds
  5 rats
241 creatures vanquished.

Vanquished Creatures (collateral kills)
  5 foxfires (D:4)
5 creatures vanquished.

Vanquished Creatures (others)
  809 foxfires
809 creatures vanquished.

Grand Total: 1055 creatures vanquished

Notes
Turn   | Place    | Note
-------+----------+-------------------------------------------
     0 | D:1      | kae the Demigod Fire Elementalist began the quest for the
                  | Orb.
     0 | D:1      | Reached XP level 1. HP: 14/14 MP: 5/5
     6 | D:1      | Noticed a wolf
     6 | D:1      | Noticed a swamp worm
     6 | D:1      | Noticed a wyvern
     7 | D:1      | Noticed a polar bear
     7 | D:1      | Noticed a black mamba
   116 | D:1      | Reached skill level 1 in Conjurations
   560 | D:1      | Reached XP level 2. HP: 20/20 MP: 5/7
  1520 | D:2      | Reached XP level 3. HP: 19/26 MP: 5/9
  1523 | D:2      | Learned a level 2 spell: Scorch
  1527 | D:2      | Learned a level 3 spell: Conjure Flame
  2108 | D:2      | Reached XP level 4. HP: 33/33 MP: 7/10
  3263 | D:3      | Reached XP level 5. HP: 26/38 MP: 8/12
  4588 | D:4      | Reached XP level 6. HP: 14/45 MP: 1/14
  5456 | D:4      | Found a runed translucent gate.
  5456 | D:4      | Found a runed translucent gate.
  5456 | D:4      | Found a runed translucent gate.
  5458 | D:4      | Noticed Anon1729's ghost (amateur MiMo)
  5458 | D:4      | Noticed Pichade's ghost (amateur TrFi)
  5459 | D:4      | Noticed p0werm0de's ghost (amateur BaFi)
  5459 | D:4      | Noticed anonymous's ghost (amateur OgBe)
  5595 | D:5      | Entered Level 5 of the Dungeon
  5598 | D:5      | Found Ufaqu's Weapon Shop.
  5644 | D:5      | Found a transporter.
  5687 | D:5      | Found a transporter.
  5739 | D:5      | Reached XP level 7. HP: 50/50 MP: 16/16
  5747 | D:5      | Reached skill level 5 in Fire Magic
  6155 | D:5      | Learned a level 3 spell: Inner Flame
  6160 | D:5      | Learned a level 4 spell: Flame Wave
  6417 | D:5      | Noticed Eustachio
  6435 | D:5      | Killed Eustachio
  6436 | D:5      | Reached skill level 5 in Conjurations
  6531 | D:5      | Reached skill level 5 in Spellcasting
  6539 | D:5      | Reached XP level 8. HP: 57/57 MP: 9/19
  6904 | D:6      | Found a staircase to the Ecumenical Temple.
  7161 | D:6      | Found a glowing drain.
  7178 | Sewer    | Entered a sewer
  8147 | D:6      | Found Orphaef's Weapon Shop.
  8687 | D:7      | Noticed a hornet
  8694 | D:7      | Killed a hornet
  8915 | D:7      | Noticed Menkaure
  8934 | D:7      | Reached XP level 9. HP: 62/62 MP: 17/22
  8939 | D:7      | Killed Menkaure
 10145 | D:8      | Noticed a two-headed ogre
 10149 | D:8      | Killed a two-headed ogre
 10559 | D:8      | Found Mukk's Assorted Antiques.
 10565 | D:8      | Bought 2 golden potions for 50 gold pieces
 10565 | D:8      | Bought a scroll labelled HUXIOFE EXKITO for 28 gold pieces
 10565 | D:8      | Bought a scroll of identify for 56 gold pieces
 10573 | D:8      | Learned a level 4 spell: Sticky Flame
 10612 | D:9      | Reached XP level 10. HP: 69/69 MP: 8/25
 10990 | D:9      | Found Rumiu's Magic Scroll Shoppe.
 10993 | D:9      | Bought a scroll of blinking for 75 gold pieces
 10993 | D:9      | Bought a scroll of identify for 20 gold pieces
 10993 | D:9      | Bought a scroll of identify for 20 gold pieces
 10993 | D:9      | Bought a scroll of identify for 20 gold pieces
 10993 | D:9      | Bought a scroll of fear for 35 gold pieces
 10993 | D:9      | Bought a scroll of teleportation for 30 gold pieces
 11613 | D:10     | Entered Level 10 of the Dungeon
 11661 | D:10     | Noticed a two-headed ogre
 11869 | D:10     | Noticed Gastronok
 12202 | D:10     | Reached skill level 1 in Fighting
 12876 | D:9      | HP: 1/74 [slime creature (17)]
 12876 | D:9      | Demolished by a slime creature

Illustrated notes

Levels and vault maps discovered:
D:1:      onia_arrival_zoo_common, layout_loops_corners,
          hellmonk_ecumenical_altar_arch_garden, minmay_pentomino_t4
D:2:      layout_basic, minmay_misc_feat_columns
D:3:      layout_loops_cross, minmay_puff
D:4:      minmay_diamond_boxcup, layout_basic, gammafunk_ghost_cemetery,
          cheibrodos_gnoll_hut
D:5:      gammafunk_wand_slinger, layout_basic, serial_shops,
          nicolae_inconvenience_store, grunt_ministairs_8, uniq_eustachio
D:6:      layout_rooms, minmay_temple_entry_ruins, serial_curves,
          eino_curves_01, eino_curves_03, serial_shops,
          nicolae_shop_bloodbath_and_beyond, portal_sewer_entry_d
D:7:      nicolae_cairo_tiling_very_big, layout_cave_pools,
          nicolae_figureground_pulse, uniq_menkaure
D:8:      layout_rooms, serial_shops, nicolae_diamond_shop,
          chequers_serial_rivers_small_a
D:9:      layout_long_grid, mainiacjoe_overflow_alcove_4, serial_shops,
          nicolae_shop_behind_doors
D:10:     layout_cave_pools, nrook_loot_triangle, uniq_gastronok

Skill      XL: |  1  2  3  4  5  6  7  8  9 10 |
---------------+-------------------------------+-----
Conjurations   | 1 2 3 4 5 6 7 9 |  9.0
Spellcasting   | 2 3 4 5 6 7 8 |  8.0
Fire Magic     | 3 4 5 7 8 9 |  9.0
Dodging        | 3 |  3.2
Fighting       | 2 |  2.4
Stealth        | |  1.7

Action                   |  1- 3 |  4- 6 |  7- 9 | 10-12 || total
-------------------------+-------+-------+-------+-------++-------
Melee: Short sword       |       |    15 |    23 |     7 ||    45
       Punch             |       |     1 |       |     1 ||     2
       Unarmed           |       |     1 |       |       ||     1
 Cast: Foxfire           |    87 |   121 |   201 |    63 ||   472
       Scorch            |     1 |    29 |    59 |     6 ||    95
       Flame Wave        |       |       |     4 |     1 ||     5
       Inner Flame       |       |       |     6 |     5 ||    11
       Sticky Flame      |       |       |       |     6 ||     6
       Conjure Flame     |       |       |       |     1 ||     1
  Use: Scroll            |     4 |    11 |     6 |       ||    21
       Potion            |       |     4 |     1 |       ||     5
Armor: Robe              |     2 |    15 |    12 |       ||    29
       Skin              |       |    56 |    11 |       ||    67
       Steam dragon scal |       |       |    13 |    11 ||    24
Dodge: Dodged            |    11 |    68 |    80 |    16 ||   175
Block: Other             |       |    33 |    46 |     7 ||    86
       Reflection        |       |       |     3 |     1 ||     4

Table legend: (Time is in decaauts)
 A = Elapsed time spent in this place.
 B = Non-inter-level travel time spent in this place.
 C = Inter-level travel time spent in this place.
 D = Time resting spent in this place.
 E = Time spent auto-exploring this place.
 F = Levels seen in this place.
 G = Mean time per level.
                   A        B        C        D        E       F      G
               +--------+--------+--------+--------+--------+-----+--------+
         Total |  13020 |  12639 |    381 |    311 |  10181 |  11 | 1183.6 |
       Dungeon |  11927 |  11546 |    381 |    311 |   9269 |  10 | 1192.7 |
         Sewer |   1093 |   1093 |      0 |      0 |    912 |   1 | 1093.0 |
               +--------+--------+--------+--------+--------+-----+--------+

Top non-repeatable levels by time:
     D:9: 1761 daAuts
     D:2: 1413 daAuts
     D:1: 1413 daAuts
     D:4: 1397 daAuts
     D:3: 1366 daAuts
     D:7: 1231 daAuts
     D:5: 1223 daAuts
   Sewer: 1093 daAuts
     D:8: 1018 daAuts
     D:6: 587 daAuts
    D:10: 516 daAuts
